 Dungeon Crawl Stone Soup version 0.31-a0-210-gccc998df9b (webtiles) character file.

Game seed: 1129253257443221500

82 qw the Chopper (level 4, -2/28 HPs)
             Began as a Gargoyle Fighter on June 30, 2023.
             Slain by Sigmund
             ... wielding a +1 vampiric scythe
              (6 damage)
             ... on level 2 of the Dungeon.
             The game lasted 00:00:38 (1018 turns).

qw the Chopper (Gargoyle Fighter)                   Turns: 1018, Time: 00:00:39

Health: -2/28      AC: 10    Str: 22    XL:     4   Next: 43%
Magic:  4/4        EV:  9    Int:  8    God:
Gold:   121        SH:  4    Dex:  9    Spells: 3/3 levels left

rFire   . . .        Y - +0 war axe
rCold   . . .        c - +0 buckler
rNeg    + . .        b - +0 scale mail
rPois   inf          (no helmet)
rElec   +            (no cloak)
rCorr   .            (no gloves)
SInv    .            (no boots)
Will    .....        (no amulet) Stlth
                     (no ring)
HPRegen 0.24/turn    (no ring)
MPRegen 0.09/turn

%: no passive effects
@: no status effects
A: sickness immunity, AC +3, negative energy resistance 1, electricity
resistance, torment resistance 1, petrification resistance
a: no special abilities


You were on level 2 of the Dungeon.
You visited 1 branch of the dungeon, and saw 2 of its levels.

You collected 121 gold pieces.


Innate Abilities, Weirdness & Mutations

You are immune to sickness and miasma.
Your stone body is resilient. (AC +3)
You are immune to poison.
You resist negative energy. (rN+)
You are resistant to electric shocks. (rElec)
You are resistant to unholy torment.
You are immune to petrification.


   Skills:
 - Level 3.2 Fighting
 + Level 4.1 Axes
 - Level 3.2 Armour
 - Level 3.2 Shields


You had 3 spell levels left.
You didn't know any spells.
Your spell library was empty.

Inventory:

Hand Weapons
 k - a +0 mace
 Y - a +0 war axe (weapon)
Armour
 b - a +0 scale mail (worn)
 c - a +0 buckler (worn)
Scrolls
 a - a scroll of identify
 e - a scroll of revelation {unknown}
Potions
 d - a potion of might
 l - a potion of lignification {unknown}
 m - a potion of mutation {unknown}
 n - a potion of curing {unknown}

Dungeon Overview and Level Annotations

Branches:
Dungeon (2/15)

Altars:

Annotations:
D:2 Sigmund


Message History

The adder bites you but does no damage. Something hits you but does no damage.
The adder closely misses you.
You hit the adder.
The adder is severely wounded.
The adder closely misses you. Something hits you. The adder barely misses you.
You hit the adder.
The adder is almost dead.
You closely miss the hobgoblin. The adder bites you but does no damage.
Something hits you.
The hobgoblin hits you but does no damage.
You closely miss the adder.
The adder is almost dead.
You hit the hobgoblin. The adder barely misses you.
You block the hobgoblin's attack. Something hits you!
The adder bites you but does no damage.
You barely miss the adder.
The adder is almost dead.
You closely miss the hobgoblin.
The hobgoblin hits you but does no damage.
The adder bites you. Something hits you but does no damage.
You block the hobgoblin's attack. The adder barely misses you.
You hit the adder.
The adder is almost dead.
You hit the hobgoblin but do no damage. The adder bites you but does no damage.
The hobgoblin hits you but does no damage.
You barely miss the adder.
The adder is almost dead.
You barely miss the hobgoblin. The adder bites you but does no damage.
Something hits you but does no damage. You block the hobgoblin's attack.
The adder bites you.
You barely miss the adder.
The adder is almost dead.
You slash the hobgoblin!
You kill the hobgoblin!
Something hits you! The adder bites you but does no damage.
You hit the adder.
The adder is almost dead.
You block the adder's attack. Something hits you.
You die...

..#.#
............%......
..# #...
..###.......%####..
..#
....##..##........#
#.. ....
.................#
### ..### #..
#.#.........# ...
#...#...........#
..##
.##...#..#.:.>....#
..#
.............######
....>{S@<....#
........#....#
......$###.#.....
....... #.#.####
....... .....
..[...# ##..###
...... #### ......


You could see an adder.

Vanquished Creatures
  A sleepcap (D:2)
  An adder (D:2)
  A worm (D:2)
  5 ball pythons
  5 endoplasms
  4 giant cockroaches (D:1)
  6 goblins
  6 hobgoblins
  2 quokkas (D:1)
  A bat (D:2)
  2 frilled lizards
  A kobold (D:1)
  2 rats
37 creatures vanquished.

Notes
Turn   | Place    | Note
-------+----------+-------------------------------------------
     0 | D:1      | qw the Gargoyle Fighter began the quest for the Orb.
     0 | D:1      | Reached XP level 1. HP: 14/14 MP: 1/1
     0 | D:1      | 0 ||| qw: Version: 0.3-a-26-gee661ec
     0 | D:1      | 0 ||| qw: Game counter: 7246
     0 | D:1      | 0 ||| qw: Melee chars always use a shield: true
     0 | D:1      | 0 ||| qw: God list: Okawaru
     0 | D:1      | 0 ||| qw: Allow faded altars: false
     0 | D:1      | 0 ||| qw: Do Orc after clearing Dungeon:15 true
     0 | D:1      | 0 ||| qw: Do second Lair branch before Depths: true
     0 | D:1      | 0 ||| qw: Lair rune preference: random
     0 | D:1      | 0 ||| qw: Goals: Normal, Zot:1-4, Slime:5, God:TSO, Crypt,
                  | Tomb, Abyss, Pan, Hells, Win
     0 | D:1      | 0 ||| PLANNING D:1-11
    51 | D:1      | Reached skill level 2 in Axes
    89 | D:1      | Reached XP level 2. HP: 16/19 MP: 2/2
   218 | D:1      | Found a faded altar of an unknown god.
   573 | D:1      | Reached skill level 3 in Axes
   606 | D:1      | Reached XP level 3. HP: 23/23 MP: 3/3
   751 | D:1      | 751 ||| READING scroll labelled VIPLED ECOTEUTT.
   756 | D:1      | 756 ||| READING scroll labelled TIOSCH RIPURUT.
   757 | D:1      | 757 ||| READING scroll labelled JAKE IWOOG.
   758 | D:1      | 758 ||| READING scroll labelled RODERA GAOSA.
   759 | D:1      | 759 ||| READING scroll labelled ZOMEST WONU.
   760 | D:1      | 760 ||| DRINKING 2 yellow potions.
   865 | D:2      | 865 ||| Stepping ~*~*~tactically~*~*~ (stealth).
   867 | D:2      | 867 ||| Stepping ~*~*~tactically~*~*~ (stealth).
   904 | D:2      | 904 ||| Stepping ~*~*~tactically~*~*~ (stealth).
   954 | D:2      | 954 ||| Stepping ~*~*~tactically~*~*~ (stealth).
   964 | D:2      | HP: 5/23 [sleepcap (7)]
   965 | D:2      | 965 ||| DRINKING potion of heal wounds.
   968 | D:2      | Reached skill level 4 in Axes
   968 | D:2      | Reached XP level 4. HP: 27/28 MP: 4/4
  1003 | D:2      | Noticed Sigmund
  1017 | D:2      | HP: 4/28 [something (7)]
  1018 | D:2      | Slain by Sigmund

Levels and vault maps discovered:
D:1:      saegor_arrival_under_anarchy, layout_loops_ring,
          chequers_ecumenical_altar_simple, wad_floor_pattern_untrapped
D:2:      layout_rooms, minmay_misc_feat_tiny, minmay_misc_feat_diagonals,
          uniq_sigmund

Skill      XL: |  1  2  3 |
---------------+----------+-----
Axes           | 2 3 4 |  4.1
Fighting       | |  3.2
Armour         | |  3.2
Shields        | |  3.2

Action                     |  1- 3 |  4- 6 || total
---------------------------+-------+-------++-------
  Melee: War axe           |    76 |    18 ||    94
    Use: Scroll            |     5 |       ||     5
         Potion            |     2 |       ||     2
 Armour: Scale mail        |    32 |    21 ||    53
  Dodge: Dodged            |    29 |     8 ||    37
  Block: Buckler           |    12 |     6 ||    18

Table legend:
 A = Non-vault XP
 B = Vault XP
 C = Vault XP percentage of total XP
 D = Non-vault monster count
 E = Vault monster count
 F = Vault count percentage of total count
                 A         B        C        D         E       F
            +---------+---------+-------+---------+---------+-------
      Total |     118 |       0 |   0.0 |      37 |       0 |   0.0
            +---------+---------+-------+---------+---------+-------
        D:1 |      34 |       0 |   0.0 |      19 |       0 |   0.0
        D:2 |      84 |       0 |   0.0 |      18 |       0 |   0.0
            +---------+---------+-------+---------+---------+-------
